 Dungeon Crawl Stone Soup version 0.31.0-32-g396128a36d (webtiles) character file.

Game seed: 36368042192732033

30282 hawla the Tortoise (level 13, -8/103 (104) HPs)
             Began as a Minotaur Monk on Apr 7, 2024.
             Was a Follower of Yredelemnul.
             Killed by divine providence
             ... invoked by an orc priest
              (12 damage)
             ... on level 2 of the Orcish Mines on Apr 8, 2024.
             The game lasted 00:36:24 (12845 turns).

hawla the Tortoise (Minotaur Monk)                 Turns: 12845, Time: 00:36:25

HP:   -8/103 (104)  AC: 26    Str: 17    XL:     13   Next: 19%
MP:   9/12          EV:  8    Int:  7    God:    Yredelemnul [*.....]
Gold: 774           SH:  6    Dex: 17    Spells: 12/12 levels left

rFire   . . .        o - +3 scimitar (flame)
rCold   . . .        A - +0 buckler
rNeg    + . .        r - +0 plate armour
rPois   .            G - +1 hat
rElec   .            b - +1 cloak
rCorr   .            a - +1 pair of gloves
SInv    .            t - +0 pair of boots
Will    +....        E - amulet of regeneration Stlth
                     C - ring of positive energy
HPRegen 1.17/turn    x - ring of willpower
MPRegen 0.13/turn

%: no passive effects
@: lightly drained
A: horns 2, retaliatory headbutt
a: Renounce Religion, Recall Undead Harvest


You were on level 2 of the Orcish Mines.
You worshipped Yredelemnul.
Yredelemnul was noncommittal.
You visited 3 branches of the dungeon, and saw 17 of its levels.
You also visited: Ossuary.

You collected 1179 gold pieces.
You spent 405 gold pieces at shops.

Inventory:

Hand Weapons
 i - the +4 falchion of Vutt {flame, Will+ Dex+5}
   (You bought it in a shop on level 1 of the Dungeon)

   Dex+5:     It affects your dexterity (+5).
   Will+:     It increases your willpower.
 o - a +3 scimitar of flaming (weapon)
Missiles
 m - 39 poisoned darts (quivered)
 w - a throwing net
Armour
 a - a +1 pair of gloves (worn)
 b - a +1 cloak (worn)
 d - an orb of light
 r - a +0 plate armour (worn)
 t - a +0 pair of boots (worn)
 A - a +0 buckler (worn)
 G - a +1 hat (worn)
Jewellery
 x - a ring of willpower (right hand)
 y - a ring of ice
 C - a ring of positive energy (left hand)
 E - an amulet of regeneration (around neck)
 I - a +4 ring of protection
Wands
 l - a wand of polymorph (2)
 u - a wand of flame (9)
 H - a wand of digging (7)
Scrolls
 z - 3 scrolls of fog
 B - a scroll of vulnerability
 D - a scroll of fear
Potions
 c - 3 potions of ambrosia
 e - a potion of resistance
 f - 9 potions of mutation
 g - a potion of berserk rage
 j - a potion of enlightenment {unknown}
 k - 3 potions of might
 n - a potion of curing
 q - 4 potions of haste {unknown}
 s - 2 potions of brilliance {unknown}
 v - 7 potions of degeneration
 J - 3 potions of attraction {unknown}


   Skills:
 + Level 6.8 Fighting
 - Level 14.0 Long Blades
 + Level 4.5 Throwing
 - Level 18.0 Armour
 - Level 3.3 Dodging
 + Level 4.1 Stealth
 - Level 5.0 Shields
 - Level 7.3 Evocations


You had 12 spell levels left.
You didn't know any spells.
Your spell library was empty.

Dungeon Overview and Level Annotations

Branches:
Dungeon (14/15)            Temple (1/1) D:5            Lair (0/5) D:11
    Orc (2/2) D:12            Elf (0/3) Orc:2       Ossuary (visited)
 Vaults: D:13-14

Altars:
Ashenzari
Cheibriados
Dithmenos
Elyvilon
Fedhas
Gozag
Hepliaklqana
Kikubaaqudgha
Makhleb
Nemelex Xobeh
Okawaru
Qazlal
Ru
Sif Muna
Trog
Uskayaw
Vehumet
Wu Jian
Xom
Yredelemnul
Zin
The Shining One

Shops:
D:1 ([((   D:8 [

Portals:
Trove: D:11 (give +3 gold dragon scales)


Innate Abilities, Weirdness & Mutations

You have a pair of horns on your head.
You reflexively headbutt those who attack you in melee.


Message History

You block the orc warrior's attack.
An orc sorcerer comes into view. It is wielding a +0 dagger.
The orc priest calls upon Beogh to heal the orc.
The orc's wounds heal themselves!
Your orc priest zombie closely misses the orc.
The ogre barely misses you.
You completely miss the orc priest. You headbutt the orc priest.
The orc priest is moderately wounded.
An orc high priest comes into view.
It is wielding a +2 short sword of protection.
The orc priest invokes the aid of Beogh against you.
Beogh smites you!
The orc knight hits you with a +1 battleaxe.
The orc priest hits your orc wizard zombie with a +0 club.
The orc closely misses you.
An orc wizard comes into view. It is wielding a +0 dagger.
You block the orc warrior's attack.
The orc warrior hits you with a +0 flail.
* * * LOW HITPOINT WARNING * * *
The orc priest hits you but does no damage.
The orc priest mumbles some strange prayers to Beogh against you.
Beogh smites you!
* * * LOW HITPOINT WARNING * * *
Your orc wizard zombie hits the orc priest.
The orc warrior hits you with a +0 hand axe.
* * * LOW HITPOINT WARNING * * *
Your orc priest zombie barely misses the orc.
You hear a shout!
Unknown command.
You feel better.
You hear a shout! x5
Your orc zombie closely misses the ogre.
The ogre hits you with a +0 giant club!
* * * LOW HITPOINT WARNING * * *
The orc hits your orc wizard zombie with a +0 club.
The orc wizard hits you but does no damage.
The orc knight hits you but does no damage.
The orc priest calls down the wrath of Beogh upon you.
Beogh smites you!
You die...
Your body rises from the dead as a mindless zombie.

...............#
...............#
...............#
...............# .
...............# ..
...............######...
.............$.#ooZo.o.o
..............#oooo.o..
............Zo@oooo.o.
........ZOoooo....
........ooooo.....
..........o.o.....
..................
........#........
........#......o.
.$......######...


You could see an orc knight, 2 orc high priests, an orc sorcerer, 6 orc
warriors, an ogre (ally target), 6 orc priests, 2 orc wizards, 10 orcs, a
friendly orc zombie, a friendly orc priest zombie and a friendly orc wizard
zombie.

Vanquished Creatures
  An ettin (Orc:2)
  Josephine (D:14)
  Erolcha (D:12)
  2 hydras
  2 two-headed ogres
  Erica (D:8)
  2 boulder beetles
  2 centaur warriors
  A tengu warrior (D:9)
  Urug (D:10)
  Pikel (D:7)
  3 ugly things
  5 manticores
  An orc sorcerer (Orc:2)
  A cyclops (D:12)
  6 slime creatures (D:12)
  A meliai (shapeshifter) (D:14)
  2 meliai
  An unseen horror (D:11)
  Maggie (D:8)
  Jeremiah (D:7)
  An efreet (D:13)
  Psyche (D:10)
  4 trolls
  A hornet (D:13)
  3 shadows
  2 vampires (D:12)
  2 wyverns
  6 wraiths
  6 yaks (D:11)
  4 wargs
  Eustachio (D:6)
  6 vampire mosquitoes
  A steam dragon (D:9)
  Menkaure (D:5)
  3 water moccasins
  2 acid dragons
  An ice beast (D:6)
  2 sky beasts (D:6)
  4 orc warriors
  9 centaurs
  7 ogres
  2 kobold brigands (D:9)
  3 weeping skulls
  3 scorpions
  14 wights
  14 killer bees
  5 howler monkeys
  6 bombardier beetles
  A human zombie (D:6)
  A jelly (D:6)
  5 orc priests
  2 hounds
  3 gnoll boudas
  A sleepcap (D:8)
  5 iguanas
  12 orc wizards
  6 mummies (Ossuary)
  Robin (D:3)
  20 gnolls
  7 adders
  A shadow imp (D:7)
  A dart slug (D:5)
  A ribbon worm (D:5)
  35 orcs
  6 endoplasms
  5 giant cockroaches
  3 gnoll zombies (Ossuary)
  22 goblins
  11 hobgoblins
  2 quokkas
  5 ball pythons
  9 bats
  2 frilled lizards
  11 kobolds
  2 kobold zombies (Ossuary)
  3 orc zombies (Ossuary)
  6 rats
  A spectral orc (D:9)
341 creatures vanquished.

Vanquished Creatures (collateral kills)
  A two-headed ogre (D:13)
  A deep elf pyromancer (D:14)
  2 meliai (D:13)
  2 trolls
  A slime creature (D:12)
  2 orc warriors
  2 centaurs
  2 orc priests (Orc:1)
  An orc wizard (Orc:2)
  3 orcs
17 creatures vanquished.

Vanquished Creatures (others)
  An ettin zombie (Orc:2)
  2 meliai zombies (D:13)
  A two-headed ogre zombie (D:13)
  A spectral efreet (D:13)
  An elf zombie (D:14)
  A hornet zombie (D:13)
  2 warg zombies (Orc:2)
  A troll zombie (D:12)
  4 centaur zombies
  An ogre zombie (D:12)
  A killer bee zombie (D:11)
  An acid dragon zombie (D:13)
  A howler monkey zombie (D:12)
  4 orc zombies
22 creatures vanquished.

Grand Total: 380 creatures vanquished

Notes
Turn   | Place    | Note
-------+----------+-------------------------------------------
     0 | D:1      | hawla the Minotaur Monk began the quest for the Orb.
     0 | D:1      | Reached XP level 1. HP: 19/19 MP: 0/0
   130 | D:1      | Reached XP level 2. HP: 27/27 MP: 1/1
   179 | D:1      | Found Ohyid's Antique Weapon Shoppe.
   180 | D:1      | Found Mezxog's Weapon Shop.
   318 | D:1      | Found Lagg's Weapon Shoppe.
   338 | D:1      | Found Ejeza's Armour Emporium.
   630 | D:1      | Found a faded altar of an unknown god.
   863 | D:2      | Reached skill level 5 in Long Blades
   896 | D:2      | Reached XP level 3. HP: 33/33 MP: 2/2
   982 | D:2      | Gained mutation: You are dopey. (Int -2) [potion of
                  | mutation]
   982 | D:2      | Lost mutation: You are dopey. (Int -2) [potion of mutation]
  1145 | D:3      | Reached XP level 4. HP: 26/40 MP: 3/3
  1220 | D:3      | Found a broken altar of Ashenzari.
  1405 | D:3      | Found a shimmering altar of Xom.
  1458 | D:3      | Reached XP level 5. HP: 46/46 MP: 4/4
  2509 | D:1      | Bought an ichor-stained falchion for 144 gold pieces
  2509 | D:1      | Identified the +4 falchion of Vutt {flame, Will+ Dex+5}
                  | (You bought it in a shop on level 1 of the Dungeon)
  2615 | D:4      | Noticed Robin
  2618 | D:3      | Killed Robin
  2673 | D:4      | Noticed an ogre
  2679 | D:4      | Killed an ogre
  2680 | D:4      | Reached XP level 6. HP: 17/52 MP: 5/5
  2926 | D:4      | Found a shimmering blue altar of Sif Muna.
  2930 | D:4      | Found a bloodstained altar of Trog.
  3413 | D:5      | Entered Level 5 of the Dungeon
  3429 | D:5      | Found a staircase to the Ecumenical Temple.
  3432 | D:5      | Reached XP level 7. HP: 58/58 MP: 6/6
  3451 | Temple   | Entered the Ecumenical Temple
  3612 | D:5      | Reached skill level 10 in Long Blades
  3747 | D:5      | Noticed Menkaure
  3754 | D:5      | Killed Menkaure
  3980 | D:5      | Reached XP level 8. HP: 66/66 MP: 7/7
  4663 | D:6      | Noticed Eustachio
  4674 | D:6      | Killed Eustachio
  4706 | D:6      | Found a sand-covered staircase.
  4713 | Ossuary  | Entered an ossuary
  4757 | Ossuary  | Reached skill level 1 in Armour
  4820 | Ossuary  | Reached skill level 2 in Armour
  4820 | Ossuary  | Reached XP level 9. HP: 71/71 MP: 8/8
  4906 | D:6      | Reached skill level 3 in Armour
  5009 | D:1      | Bought a +0 buckler for 58 gold pieces
  5420 | D:6      | Found an opulent altar of Gozag.
  5448 | D:6      | Reached skill level 4 in Armour
  5573 | D:6      | Reached skill level 5 in Armour
  5766 | D:7      | Reached skill level 6 in Armour
  5850 | D:7      | Reached skill level 7 in Armour
  5856 | D:7      | Reached skill level 8 in Armour
  5939 | D:7      | Noticed Pikel
  5955 | D:7      | Killed Pikel
  5956 | D:7      | Reached skill level 9 in Armour
  6068 | D:7      | Noticed Jeremiah
  6083 | D:7      | Killed Jeremiah
  6084 | D:7      | Reached skill level 10 in Armour
  6465 | D:7      | Reached XP level 10. HP: 73/77 MP: 9/9
  6745 | D:7      | Found a blossoming altar of Fedhas.
  6907 | D:8      | Noticed Maggie
  6916 | D:8      | Killed Maggie
  6917 | D:8      | Reached skill level 11 in Armour
  7092 | D:8      | Found Lokuf's Antique Armour Shop.
  7095 | D:8      | Noticed a two-headed ogre
  7104 | D:8      | Killed a two-headed ogre
  7105 | D:8      | Reached skill level 12 in Armour
  7494 | D:8      | Noticed Erica
  7502 | D:8      | Killed Erica
  7503 | D:8      | Reached skill level 13 in Armour
  7769 | D:8      | Bought a glowing hat for 203 gold pieces
  8044 | D:9      | Noticed a seven-headed hydra
  8051 | D:9      | Noticed a tengu warrior
  8056 | D:9      | Killed a one-headed hydra
  8057 | D:9      | Reached skill level 14 in Armour
  8057 | D:9      | Noticed a manticore
  8073 | D:9      | Killed a tengu warrior
  8074 | D:9      | Reached XP level 11. HP: 38/83 MP: 10/10
  8119 | D:10     | Entered Level 10 of the Dungeon
  8177 | D:10     | Noticed a white ugly thing
  8189 | D:10     | Killed a white ugly thing
  8190 | D:10     | Reached skill level 15 in Armour
  8593 | D:10     | Found an iron altar of Okawaru.
  8603 | D:10     | Noticed Psyche
  8616 | D:10     | Killed Psyche
  8695 | D:10     | Noticed Urug
  8740 | D:9      | Reached skill level 16 in Armour
  8927 | D:9      | Found a burning altar of Makhleb.
  8933 | D:9      | Found a shadowy altar of Dithmenos.
  8936 | D:9      | Found a hazy altar of Hepliaklqana.
  8936 | D:9      | Found a radiant altar of Vehumet.
  8944 | D:9      | Found a hide-covered altar of Uskayaw.
  9070 | D:9      | Found a basalt altar of Yredelemnul.
  9081 | D:9      | Became a worshipper of Yredelemnul the Dark
  9081 | D:9      | Reached * piety under Yredelemnul
  9081 | D:9      | Reached ** piety under Yredelemnul
  9440 | D:10     | Killed Urug
  9783 | D:11     | Noticed a boulder beetle
  9812 | D:11     | Found a staircase to the Lair.
  9823 | D:11     | Killed a boulder beetle
  9835 | D:11     | Reached skill level 17 in Armour
  9938 | D:11     | Found a portal to a secret trove of treasure.
 10015 | D:11     | Reached *** piety under Yredelemnul
 10136 | D:11     | Reached **** piety under Yredelemnul
 10142 | D:11     | Reached ***** piety under Yredelemnul
 10252 | D:11     | Reached skill level 18 in Armour
 10252 | D:11     | Reached skill level 1 in Shields
 10270 | D:11     | Identified the +10 hand axe "Solinta" {spect, Int+4 Dex+4}
 10537 | D:12     | Found a staircase to the Orcish Mines.
 10558 | D:12     | Reached skill level 1 in Evocations
 10677 | D:12     | Reached XP level 12. HP: 64/91 MP: 11/11
 10781 | D:12     | Found a glowing silver altar of Zin.
 10859 | D:12     | Noticed a two-headed ogre
 10868 | D:12     | Killed a two-headed ogre
 10988 | D:12     | Reached skill level 5 in Shields
 11034 | D:12     | Noticed Erolcha
 11042 | D:12     | Killed Erolcha
 11045 | D:12     | Noticed a boulder beetle
 11049 | D:12     | Your ally Erolcha died
 11138 | D:12     | Reached skill level 5 in Evocations
 11306 | D:12     | Killed a boulder beetle
 11530 | D:13     | Noticed a seven-headed hydra
 11541 | D:13     | Killed a two-headed hydra
 11610 | D:13     | Identified the +3 ring mail of the Lily {Rampage rElec
                  | Int+3 Slay-2}
 11645 | D:13     | Noticed a centaur warrior
 11657 | D:13     | Killed a centaur warrior
 11693 | D:13     | Noticed a two-headed ogre
 11702 | D:13     | Killed a two-headed ogre
 11703 | D:13     | Reached skill level 1 in Throwing
 11732 | D:13     | Reached skill level 1 in Stealth
 11857 | D:13     | Reached skill level 5 in Fighting
 12092 | D:14     | Noticed Josephine
 12106 | D:14     | Killed Josephine
 12144 | D:14     | Noticed a centaur warrior
 12154 | D:14     | Killed a centaur warrior
 12155 | D:14     | Reached XP level 13. HP: 92/102 MP: 12/12
 12326 | Orc:1    | Entered Level 1 of the Orcish Mines
 12449 | Orc:1    | You fall into a shaft and drop 1 floor!
 12449 | Orc:2    | Entered Level 2 of the Orcish Mines
 12548 | Orc:2    | Found a staircase to the Elven Halls.
 12608 | Orc:2    | Noticed an ettin
 12617 | Orc:2    | Killed an ettin
 12845 | Orc:2    | HP: 4/103 [ogre/+0 giant club (11)]
 12845 | Orc:2    | Killed from afar by an orc priest

Illustrated notes

Levels and vault maps discovered:
D:1:      dpeg_arrival_long_road, layout_basic, serial_shops,
          nicolae_shop_tiny_waterfront, shop, nicolae_shop_statue_plus, shop,
          chequers_ecumenical_altar_grove, chequers_serial_rivers_micro_d
D:2:      layout_loops_ring, minmay_misc_feat_plants, st_stairs_1,
          kennysheep_generic_room_6
D:3:      layout_rooms, amcnicky_altar_gilded, ashenzari_altar_1
D:4:      layout_rooms, hellmonk_overflow_destroyed_library, uniq_robin
D:5:      layout_cave_pools, minmay_temple_entry_junction, minmay_ogre_servants,
          uniq_menkaure
D:6:      layout_rooms, mainiacjoe_overflow_alcove_4, enter_ossuary_3,
          uniq_eustachio
D:7:      layout_basic, kennysheep_mini_moat, uniq_pikel, uniq_jeremiah
D:8:      layout_rooms, serial_shops, nicolae_diamond_shop, minivault_23,
          uniq_maggie, uniq_erica
D:9:      minmay_bloctagon_deflated, layout_long_grid,
          yredelemnul_forgotten_temple_becter,
          nicolae_overflow_hallway_of_the_gods
D:10:     layout_basic, okawaru_metal_pillars_3, uniq_urug, uniq_psyche
D:11:     layout_loops_ring, lair_entry_dummy, nicolae_trove_entry_isolated
D:12:     layout_long_grid, orc_0_dummy, zin_statuary, uniq_erolcha
D:13:     layout_rooms
D:14:     minmay_shrinking_squares, layout_loops_corners, david_vaults_1,
          nicolae_BIG_FREAKIN_CUBE, uniq_agnes, uniq_josephine
Temple:   compressed_dpeg_triangle_lava_temple
Orc:1:    layout_caves, ebering_ghost_inner_flame
Orc:2:    st_orc_congregation, layout_caves, ebering_ghost_rock_garden,
          serial_shops, nicolae_shop_back_alley_shop

Skill      XL: |  1  2  3  4  5  6  7  8  9 10 11 12 13 |
---------------+----------------------------------------+-----
Long Blades    | 4 5 7 8 9 11 14 | 14.0
Armour         | 2 10 14 18 | 18.0
Shields        | 3 5 |  5.0
Evocations     | 1 7 |  7.3
Fighting       | 5 6 |  6.8
Throwing       | 3 4 |  4.5
Stealth        | 3 4 |  4.1
Dodging        | |  3.3

Action                     |  1- 3 |  4- 6 |  7- 9 | 10-12 | 13-15 || total
---------------------------+-------+-------+-------+-------+-------++-------
  Melee: Falchion          |    65 |   100 |   242 |   508 |       ||   915
         Headbutt          |     9 |    21 |    57 |   176 |    23 ||   286
         Scimitar          |       |       |       |    64 |   107 ||   171
  Throw: Dart              |       |       |    13 |     8 |       ||    21
 Invoke: Dark Bargain      |       |       |       |       |     1 ||     1
  Evoke: Wand              |       |       |       |    26 |     1 ||    27
    Use: Scroll            |     2 |       |     7 |    13 |     2 ||    24
         Potion            |     3 |       |     4 |     2 |     1 ||    10
   Stab: Paralysed         |       |       |       |    14 |       ||    14
         Distracted        |       |       |       |     4 |     1 ||     5
 Armour: Robe              |    21 |       |       |       |       ||    21
         Chain mail        |    38 |    63 |       |       |       ||   101
         Plate armour      |       |    43 |   184 |   573 |   107 ||   907
         Skin              |       |       |    37 |       |       ||    37
  Dodge: Dodged            |    31 |    47 |    58 |   205 |    33 ||   374
  Block: Buckler           |       |       |       |    60 |    25 ||    85
